 Dungeon Crawl Stone Soup version 0.27.1-33-g824d729ab1 (webtiles) character file.

Game seed: 1199681462030405324

203 vvl the Bolt Thrower (level 6, -1/54 HPs)
             Began as a Kobold Hunter on Dec 28, 2021.
             Slain by a hound (4 damage)
             ... on level 4 of the Dungeon.
             The game lasted 00:08:51 (4055 turns).

vvl the Bolt Thrower (Kobold Hunter)                Turns: 4055, Time: 00:08:51

Health: -1/54      AC: 23    Str: 10    XL:     6   Next: 8%
Magic:  8/8        EV:  3    Int: 14    God:
Gold:   112        SH:  0    Dex: 15    Spells: 7/7 levels left

rFire    . . .     SeeInvis .   b - +0 short sword
rCold    . . .     Faith    .   (shield restricted)
rNeg     + + +     Spirit   .   (armour currently unavailable)
rPois    +         Reflect  .   (helmet currently unavailable)
rElec    .         Harm     .   (cloak currently unavailable)
rCorr    +         Rampage  .   (gloves currently unavailable)
Will     .....     NoTele   +   (boots currently unavailable)
Stlth    +++.......             (no amulet)
HPRegen  0.18/turn              p - ring of resist corrosion
MPRegen  0.11/turn              (no ring)

@: tree-form
A: stationary, stasis, torment immunity, boosted hp, small, no large weapons,
nightstalker 3
a: no special abilities


You were on level 4 of the Dungeon.
You were a tree.
You visited 1 branch of the dungeon, and saw 4 of its levels.

You collected 112 gold pieces.

Inventory:

Hand Weapons
 a - a +1 hand crossbow
 b - a +0 short sword (weapon)
Missiles
 d - 45 bolts
Armour
 c - a +0 leather armour (melded)
 h - a +0 ring mail
 k - a scarf of repulsion (melded)
Jewellery
 p - a ring of resist corrosion (left branch)
Wands
 j - a wand of flame (15)
Scrolls
 e - a scroll of noise {unknown}
 g - a scroll of teleportation {unknown}
 l - a scroll of enchant armour {unknown}
 m - a scroll of brand weapon {unknown}
 o - a scroll of amnesia {unknown}
 q - a scroll of silence {unknown}
Potions
 f - a potion of heal wounds {unknown}
 i - a potion of lignification
 n - a potion of mutation {unknown}


   Skills:
 + Level 2.8 Fighting
 + Level 2.3 Short Blades
 + Level 5.3 Crossbows
 + Level 1.1 Armour
 + Level 3.1 Dodging
 + Level 2.9 Stealth
 + Level 1.3 Spellcasting
 + Level 0.3 Summonings
 * Level 2.2 Necromancy


You had 7 spell levels left.
You didn't know any spells.
Your spell library contained the following spells:

 Spells                   Type           Power      Damage    Failure   Level
 Animate Skeleton         Necr           14%        N/A       10%         1
 Summon Small Mammal      Summ           4%         N/A       22%         1
 Apportation              Tloc           0%         N/A       26%         1
 Corona                   Hex            0%         N/A       26%         1


Dungeon Overview and Level Annotations

Branches:
Dungeon (4/15)
 Temple: D:4-7

Altars:


Innate Abilities, Weirdness & Mutations

You are a tree.
Your roots penetrate the ground, keeping you stationary.
You cannot be teleported.
You are immune to unholy pain and torment.
Your maximum health is greatly increased.
Your equipment is partially melded.
You are small and have problems with some larger weapons.
You are completely attuned to the shadows.


Message History

You hit the hound.
The hound is moderately wounded.
The hound completely misses you.
You hit the hound.
The hound is moderately wounded.
The hound bites you but does no damage. The hound bites you.
* * * LOW HITPOINT WARNING * * *
You barely miss the hound.
The hound is moderately wounded.
The hound bites you but does no damage.
You hit the hound.
The hound is moderately wounded.
The hound bites you but does no damage. x2
You hit the hound but do no damage.
The hound is moderately wounded.
The hound bites you but does no damage.
You closely miss the hound.
The hound is moderately wounded.
The hound bites you but does no damage. The hound bites you.
* * * LOW HITPOINT WARNING * * *
You closely miss the hound.
The hound is moderately wounded.
The hound bites you but does no damage.
You miss the hound.
The hound is moderately wounded.
The hound bites you but does no damage. x2
You closely miss the hound.
The hound is moderately wounded.
The hound bites you.
* * * LOW HITPOINT WARNING * * *
You hit the hound.
The hound is moderately wounded.
The hound bites you but does no damage. x2
You closely miss the hound.
The hound is moderately wounded.
The hound barely misses you.
You closely miss the hound.
The hound is moderately wounded.
The hound bites you.
You die...

##...##.
##...###.#
##.##.. ##.##
#.# #.#...
#.####.# #.)s..
#.'....# #.#...
#.######
##)##.. #.#
#...##. ...
#....s#####....
#..#.rh♣....
#.....#####.
##...## ####


You could see a scorpion, a hound and a quokka.

Vanquished Creatures
  A jelly (D:4)
  Robin (D:2)
  5 adders
  4 dart slugs
  3 orcs
  5 ball pythons
  11 endoplasms
  6 giant cockroaches
  15 hobgoblins
  6 jackals (D:1)
  4 quokkas
  8 bats
  3 frilled lizards
  16 goblins
  3 kobolds
  5 rats
96 creatures vanquished.

Notes
Turn   | Place    | Note
-------+----------+-------------------------------------------
     0 | D:1      | vvl the Kobold Hunter began the quest for the Orb.
     0 | D:1      | Reached XP level 1. HP: 12/12 MP: 1/1
   120 | D:1      | Reached XP level 2. HP: 16/17 MP: 2/2
   196 | D:1      | Found a faded altar of an unknown god.
   514 | D:1      | Reached skill level 1 in Necromancy
   554 | D:1      | Reached XP level 3. HP: 17/22 MP: 3/3
   571 | D:1      | Reached skill level 5 in Crossbows
   876 | D:1      | Reached skill level 1 in Short Blades
  1294 | D:2      | Reached XP level 4. HP: 27/27 MP: 5/5
  1344 | D:2      | Reached skill level 1 in Spellcasting
  1427 | D:2      | Noticed Robin
  2319 | D:2      | Killed Robin
  2325 | D:2      | Reached XP level 5. HP: 9/31 MP: 6/6
  3686 | D:4      | Reached skill level 1 in Armour
  3968 | D:4      | Reached XP level 6. HP: 36/36 MP: 7/7
  4052 | D:4      | HP: 2/54 [hound (2)]
  4055 | D:4      | Slain by a hound

Illustrated notes

Levels and vault maps discovered:
D:1:      ebering_trefoil_twist, layout_loops_cross,
          ebering_ecumenical_altar_ruins, bh_walls_and_bars
D:2:      layout_basic, uniq_robin
D:3:      minmay_inner_zag, layout_basic
D:4:      minmay_octagon_keep, layout_loops_ring, serial_park_tiny_pond,
          uniq_eustachio, uniq_sigmund

Skill      XL: |  1  2  3  4  5 |
---------------+----------------+-----
Necromancy     | 1 2 |  2.2
Crossbows      | 5 |  5.3
Stealth        | 2 |  2.9
Short Blades   | 1 2 |  2.3
Spellcasting   | 1 |  1.3
Dodging        | 3 |  3.1
Armour         | 1 |  1.1
Fighting       | |  2.8
Summonings     | |  0.3

Action                   |  1- 3 |  4- 6 || total
-------------------------+-------+-------++-------
Melee: Short sword       |    95 |   203 ||   298
 Fire: Hand crossbow     |     6 |       ||     6
  Use: Potion            |       |     2 ||     2
 Stab: Sleeping          |    11 |    27 ||    38
Armor: Leather armour    |    24 |    40 ||    64
       Skin              |       |    12 ||    12
Dodge: Dodged            |    88 |   155 ||   243
       Repelled          |       |     3 ||     3
